 Dungeon Crawl Stone Soup version 0.23.2-1-ga50397a (webtiles) character file.

Game seed: 14706492398829593587

96 IBeShadow the Insei (level 4, -2/29 HPs)
             Began as an Octopode Transmuter on May 23, 2019.
             Killed by nerve-wracking pain
             ... invoked by Grinder
              (4 damage)
             ... while paralysed by Grinder
             ... on level 3 of the Dungeon.
             The game lasted 00:03:11 (2441 turns).

IBeShadow the Insei (Octopode Transmuter)           Turns: 2441, Time: 00:03:12

Health: -2/29      AC:  3    Str:  9    XL:     4   Next: 67%
Magic:  7/7        EV:  2    Int: 16    God:
Gold:   137        SH:  0    Dex: 17    Spells: 6/7 levels left

rFire    . . .     SeeInvis .     - Unarmed
rCold    . . .     Gourm    .   (no shield)
rNeg     . . .     Faith    .   (helmet restricted)
rPois    .         Spirit   .   (no amulet)
rElec    .         Reflect  .   (no ring)
rCorr    .         Harm     .   (no ring)
MR       .....                  (no ring)
Stlth    ++++......             (no ring)
HPRegen  0.09/turn              (no ring)
MPRegen  0.10/turn              (no ring)
                                (no ring)
                                (no ring)

@: paralysed, agile
A: almost no armour, stealthy swim, amphibious, 8 rings, constrict 8, iridescent
scales 1, camouflage 1, wild magic 1, gelatinous body 1
a: no special abilities


You were on level 3 of the Dungeon.
You were hungry.

You visited 1 branch of the dungeon, and saw 3 of its levels.

You collected 137 gold pieces.

Inventory:

Missiles
 a - 45 arrows
Scrolls
 b - a scroll of remove curse
 d - 3 scrolls of amnesia {unknown}
 e - 7 scrolls of identify {unknown}
 g - a scroll of enchant weapon {unknown}
 i - 3 scrolls of enchant armour {unknown}
 o - a scroll of magic mapping {unknown}
Potions
 f - 2 potions of mutation
 h - a potion of heal wounds
 j - a potion of brilliance {unknown}
 k - a potion of cancellation {unknown}
 l - a potion of agility
 m - a potion of haste {unknown}
 q - a potion of ambrosia {unknown}
Comestibles
 c - 9 rations


   Skills:
 + Level 2.2 Fighting
 - Level 2.0 Dodging
 * Level 4.3 Unarmed Combat
 - Level 2.0 Spellcasting
 + Level 2.8 Transmutations


You had 6 spell levels left.
You knew the following spells:

 Your Spells              Type           Power        Failure   Level  Hunger
a - Beastly Appendage     Tmut           ##....       10%         1    #......

Your spell library contained the following spells:

 Spells                   Type           Power        Failure   Level  Hunger
 Sticks to Snakes         Tmut           ##......     14%         2    ###....
 Spider Form              Tmut/Pois      #.........   43%         3    ###....
 Ice Form                 Ice/Tmut       #.......     82%         4    #####..
 Blade Hands              Tmut           ##........   91%         5    ######.


Dungeon Overview and Level Annotations

Branches:
Dungeon (3/15)

Altars:
Ashenzari
Qazlal
Xom

Annotations:
D:3 Grinder


Innate Abilities, Weirdness & Mutations

You cannot wear most types of armour.
You are very stealthy in the water. (Stealth+)
You are amphibious.
You can wear up to eight rings at the same time.
You can use your tentacles to constrict eight enemies at once.
Your skin changes colour to match your surroundings (Stealth+).
Your rubbery body absorbs attacks. (AC +1, EV +1)
You are partially covered in iridescent scales. (AC +2)
Your spells are a little harder to cast, but a little more powerful.


Message History

You constrict Grinder. Grinder hits you.
You writhe in agony.
You tentacle-slap Grinder but do no damage.
Grinder is moderately wounded.
You constrict Grinder. Grinder gestures at you.
You barely resist.
It was a potion of agility.
You feel agile all of a sudden.
You constrict Grinder. Grinder gestures at you.
You suddenly lose the ability to move!
You lose your grip on Grinder.
Grinder gestures at you. You resist with significant effort.
Grinder hits you! x2
* * * LOW HITPOINT WARNING * * *
You writhe in agony.
* * * LOW HITPOINT WARNING * * *
Grinder gestures at you. Pain shoots through your body!
You die...

#.....# #.....# #.....#
#.....# # #.....# #
##.....######## #
#.............#
###.............########
......#.....#..>@5......
.....###...###..#####...
##....#.....#...#
##..............#####
##..##.###..........+
##......###....######
##....#..#..#..#
##...###...###.#
##....#..#..#..#


You could see Grinder.

Vanquished Creatures
  An orc priest (D:3)
  3 oozes
  A worm (D:3)
  2 dart slugs (D:1)
  A leopard gecko (D:1)
  3 orcs (D:3)
  A ball python (D:3)
  2 giant cockroaches
  5 goblins
  6 hobgoblins
  A quokka (D:3)
  4 bats
  5 frilled lizards
  5 kobolds
  3 rats
43 creatures vanquished.

Notes
Turn   | Place    | Note
-------+----------+-------------------------------------------
     0 | D:1      | IBeShadow the Octopode Transmuter began the quest for the
                  | Orb.
     0 | D:1      | Reached XP level 1. HP: 13/13 MP: 3/3
   463 | D:1      | Reached XP level 2. HP: 17/18 MP: 5/5
   784 | D:1      | Reached XP level 3. HP: 21/23 MP: 6/6
  1403 | D:2      | Found a stormy altar of Qazlal.
  1904 | D:3      | Reached skill level 4 in Unarmed Combat
  2191 | D:3      | Reached XP level 4. HP: 29/29 MP: 7/7
  2202 | D:3      | Found a shimmering altar of Xom.
  2206 | D:3      | Found a shattered altar of Ashenzari.
  2427 | D:3      | Noticed Grinder
  2433 | D:3      | Gained mutation: You are partially covered in large bone
                  | plates. (SH +4) [potion of mutation]
  2433 | D:3      | Lost mutation: You are partially covered in large bone
                  | plates. (SH +4) [potion of mutation]
  2433 | D:3      | Gained mutation: You are partially covered in iridescent
                  | scales. (AC +2) [potion of mutation]
  2433 | D:3      | Gained mutation: Your spells are a little harder to cast,
                  | but a little more powerful. [potion of mutation]
  2437 | D:3      | Paralysed by Grinder for 7 turns
  2441 | D:3      | Killed from afar by Grinder

Skill      XL: |  1  2  3  4 |
---------------+-------------+-----
Unarmed Combat | 4 |  4.3
Fighting       | 2 |  2.2
Dodging        | |  2.0
Spellcasting   | |  2.0
Transmutations | |  2.8

Action                   |  1- 3 |  4- 6 || total
-------------------------+-------+-------++-------
Melee: Unarmed           |    99 |    16 ||   115
       Constrict         |    25 |     4 ||    29
       Tentacles         |    10 |     5 ||    15
       Punch             |     1 |     1 ||     2
  Use: Potion            |       |     3 ||     3
       Scroll            |       |     1 ||     1
 Stab: Sleeping          |    11 |       ||    11
  Eat: Chunk             |     4 |       ||     4
Armor: Skin              |    12 |     2 ||    14
Dodge: Dodged            |    59 |     8 ||    67
